AoeStats
← Ph03n1x

Black Forest

503710567Analyzed
4v4 RM · 1mo ago on Sep 1, 2026· 61m 36s· 8 players
Game mode
Random Map
Map size
Large (8 player)
Population
200
Speed
Normal
Resources
Standard
Victory
Conquest
Starting age
Dark Age
Ending age
Imperial Age
RankedLock teamsTeams togetherTeam positionsShared explorationLock speedFull tech treeHidden civsTurbo modeCheats
Victory
Defeat
🇨🇴 Koreans · Colombia
1309
+17
🇺🇸 Celts · United States
1247
+19
🇺🇸 Britons · United States
1213
+21
🇬🇧 Lithuanians · United Kingdom
1112
+25
🇨🇱 Persians · Chile
1360
-22
🇨🇱 Mapuche · Chile
1354
-22
🇨🇱 Mongols · Chile
1327
-21
🇨🇱 Khmer · Chile
1247
-17
littlestewey
1:20 Loom
10:19 Feudal Age
12:30 Double-Bit Axe
17:32 Castle Age
16:19 Horse Collar
19:55 Wheelbarrow
20:06 Stone Mining
20:25 Heavy Plow
22:56 Fortified Wall
27:16 Caravan
27:24 Gold Mining
31:36 Imperial Age
29:26 Fletching
29:37 Padded Archer Armor
30:30 Bow Saw
30:57 Gold Shaft Mining
30:28 Bodkin Arrow
30:30 Treadmill Crane
31:31 Leather Archer Armor
32:45 Hand Cart
32:48 Bracer
33:18 Ring Archer Armor
33:10 Conscription
32:28 Elite Longbowman
35:40 Chemistry
35:00 Ballistics
35:58 Two-Man Saw
36:09 Forging
35:59 Scale Mail Armor
36:56 Yeomen
38:12 Iron Casting
37:52 Chain Mail Armor
38:13 Warwolf
43:16 Blast Furnace
42:46 Plate Mail Armor
43:17 Pikeman
43:52 Halberdier
44:34 Squires
49:59 Murder Holes
53:00 Hoardings
53:43 Masonry
53:53 Herbal Medicine
53:37 Man-at-Arms
55:05 Man-at-Arms
56:10 Long Swordsman
57:14 Two-Handed Swordsman
57:57 Champion
Lothar of the Hill People
10:50 Feudal Age
15:04 Castle Age
13:19 Horse Collar
13:43 Double-Bit Axe
29:07 Imperial Age
27:43 Wheelbarrow
27:30 Bow Saw
27:59 Scale Barding Armor
28:05 Forging
28:46 Gold Mining
28:40 Fishing Lines
29:08 Heavy Plow
30:33 Hand Cart
30:48 Chain Barding Armor
31:04 Iron Casting
31:18 Conscription
31:05 Tower Shields
32:22 Elite Leitis
33:05 Husbandry
33:16 Bloodlines
34:49 Plate Barding Armor
33:57 Elite Skirmisher
34:46 Thumb Ring
36:32 Caravan
38:06 Chemistry
37:15 Padded Archer Armor
37:05 Fletching
38:43 Leather Archer Armor
39:18 Ballistics
44:13 Bodkin Arrow
44:48 Ring Archer Armor
47:22 Bracer
49:47 Light Cavalry
52:46 Winged Hussar
Ph03n1x
0:31 Loom
13:40 Feudal Age
16:11 Double-Bit Axe
21:46 Castle Age
20:00 Horse Collar
20:42 Fishing Lines
20:57 Stone Mining
23:21 Forging
23:11 Scale Mail Armor
25:07 Bow Saw
25:52 Fletching
27:05 Scale Mail Armor
27:26 Elite Skirmisher
29:04 Padded Archer Armor
29:09 Gold Mining
29:40 Bodkin Arrow
30:14 Pikeman
32:05 Ballistics
33:14 Gillnets
33:42 Masonry
34:51 Iron Casting
34:32 Chain Mail Armor
38:16 Imperial Age
38:05 Fortified Wall
38:21 Capped Ram
39:06 Onager
39:34 Halberdier
42:54 Chemistry
42:58 Blast Furnace
42:28 Plate Mail Armor
45:51 Siege Engineers
48:33 Arson
50:51 Wheelbarrow
50:01 Town Watch
50:29 Siege Ram
54:58 Furor Celtica
55:08 Conscription
Warriorz Lvl
11:22 Feudal Age
13:32 Town Watch
16:26 Castle Age
14:47 Double-Bit Axe
15:57 Horse Collar
20:35 Fishing Lines
22:48 Stone Mining
25:19 Stone Shaft Mining
25:02 Gillnets
25:12 Gold Mining
26:29 Gold Shaft Mining
26:50 Wheelbarrow
26:21 Heavy Plow
31:15 Imperial Age
29:00 Forging
30:06 Ballistics
30:26 Hand Cart
31:19 Iron Casting
31:22 Elite War Wagon
33:11 Eupseong
33:32 Conscription
34:14 Coinage
35:20 Chemistry
35:26 Shinkichon
36:14 Banking
35:56 Guilds
37:02 Scale Mail Armor
37:49 Caravan
42:28 Pikeman
43:09 Squires
42:55 Arson
43:37 Chain Mail Armor
42:56 Halberdier
46:25 Bow Saw
50:11 Scale Barding Armor
50:36 Plate Mail Armor
53:03 Town Patrol
52:48 Loom
53:51 Arrowslits
|HIX| EVA-01
0:51 Loom
14:02 Feudal Age
22:09 Castle Age
21:00 Bloodlines
21:14 Stone Mining
21:41 Double-Bit Axe
27:25 Wheelbarrow
27:28 Fletching
29:47 Town Watch
30:47 Ballistics
31:07 Bodkin Arrow
31:24 Horse Collar
35:18 Thumb Ring
35:46 Padded Archer Armor
36:07 Nomads
38:40 Leather Archer Armor
42:46 Imperial Age
42:42 Hand Cart
42:46 Gold Mining
44:58 Parthian Tactics
46:42 Forging
46:30 Light Cavalry
48:33 Bow Saw
49:20 Conscription
49:15 Onager
52:55 Conscription
58:51 Gold Shaft Mining
58:46 Drill
KASIAN
8:15 Loom
12:32 Feudal Age
16:10 Castle Age
14:49 Horse Collar
14:54 Fishing Lines
16:05 Double-Bit Axe
16:53 Gillnets
18:54 Bow Saw
24:42 Gold Mining
26:07 Heavy Plow
27:08 Stone Mining
27:57 Gold Shaft Mining
28:00 Wheelbarrow
27:11 Town Watch
31:31 Imperial Age
30:09 Stone Shaft Mining
29:56 Hand Cart
30:11 Scale Barding Armor
30:17 Forging
31:27 Chain Barding Armor
31:15 Husbandry
31:26 Bloodlines
32:43 Crop Rotation
33:18 Town Patrol
35:02 Chemistry
35:42 Plate Barding Armor
35:57 Caravan
36:57 Iron Casting
35:58 Elite Battle Elephant
39:06 Blast Furnace
37:58 Fletching
38:09 Padded Archer Armor
38:46 Conscription
40:45 Heavy Scorpion
40:51 Capped Ram
45:31 Siege Ram
48:03 Tusk Swords
48:29 Light Cavalry
57:15 Ballistics
58:02 Guard Tower
58:01 Hussar
59:44 Keep
59:11 Bodkin Arrow
Mc7PDx
7:29 Loom
9:12 Loom
11:10 Feudal Age
12:35 Double-Bit Axe
18:03 Castle Age
16:06 Horse Collar
18:57 Bow Saw
20:19 Heavy Plow
23:22 Wheelbarrow
24:23 Forging
24:22 Fishing Lines
26:50 Hand Cart
26:24 Town Watch
27:40 Gold Mining
27:41 Stone Mining
29:06 Gold Shaft Mining
28:45 Town Patrol
29:04 Masonry
29:14 Ballistics
29:48 Gillnets
30:38 Stone Shaft Mining
30:28 Scale Barding Armor
30:58 Iron Casting
33:08 Imperial Age
30:58 Bloodlines
30:49 Husbandry
31:56 Chain Barding Armor
34:48 Chemistry
34:19 Architecture
33:12 Cavalier
34:28 Plate Barding Armor
34:54 Blast Furnace
34:38 Guilds
34:33 Savar
35:39 Fletching
36:48 Caravan
38:43 Conscription
38:45 Citadels
39:26 Heavy Camel Rider
40:13 Kamandaran
43:55 Bodkin Arrow
44:01 Padded Archer Armor
Oscaro
3:39 Loom
10:52 Feudal Age
12:11 Town Watch
15:00 Castle Age
13:09 Double-Bit Axe
13:41 Horse Collar
25:30 Bow Saw
25:44 Fletching
25:56 Heavy Plow
28:17 Wheelbarrow
27:37 Gold Mining
27:41 Stone Mining
31:15 Imperial Age
29:11 Bodkin Arrow
28:58 Treadmill Crane
29:10 Elite Skirmisher
29:52 Padded Archer Armor
30:15 Ballistics
30:06 Masonry
30:34 Gold Shaft Mining
31:23 Leather Archer Armor
33:14 Chemistry
32:46 Ring Archer Armor
33:28 Siege Engineers
34:11 Crop Rotation
34:16 Stone Shaft Mining
34:25 Malon
34:45 Conscription
34:36 Butalmapu
34:53 Conscription
36:44 Hand Cart
36:34 Town Patrol
37:19 Architecture
37:44 Forging
37:34 Scale Mail Armor
37:04 Pikeman
37:52 Halberdier
43:39 Coinage
45:05 Chain Mail Armor
45:25 Iron Casting
45:33 Hoardings
44:47 Arson
46:24 Plate Mail Armor
48:09 Blast Furnace
47:26 Murder Holes
47:55 Bombard Tower
49:59 Banking
49:31 Caravan
Connection lost

Rejoining the realm…

Still unreachable

The connection could not be restored.

Session expired

The server has moved on; the page needs a fresh start.